 Dungeon Crawl Stone Soup version 0.28.0-53-g5a82cb258f (webtiles) character file.

Game seed: 7678280928658017312

2422 nickcage the Chiller (level 9, -10/64 HPs)
             Began as a Red Draconian Ice Elementalist on May 24, 2022.
             Was an Initiate of Vehumet.
             Mangled by an orc knight
             ... wielding a +0 broad axe
              (12 damage)
             ... in a bailey.
             The game lasted 00:31:38 (7553 turns).

nickcage the Chiller (DrIE)                         Turns: 7553, Time: 00:31:39

Health: -10/64     AC: 17    Str:  8    XL:     9   Next: 24%
Magic:  2/18       EV: 11    Int: 23    God:    Vehumet [......]
Gold:   336        SH:  3    Dex: 11    Spells: 5/20 levels left

rFire   + + .      SeeInvis .   m - +6 trident of the Lair of Beasts {elec, rF+ rN+ Will+ Str-3}
rCold   . . .      Faith    .   f - +0 buckler
rNeg    + . .      Spirit   .   (armour unavailable)
rPois   .          Reflect  .   y - +0 hat {Int+3}
rElec   .          Harm     .   v - +1 cloak
rCorr   .          Rampage  .   k - +0 pair of gloves
Will    +....                   (no boots)
Stlth   ++........              (no amulet)
HPRegen 0.20/turn               (no ring)
MPRegen 0.16/turn               (no ring)

@: ice-armoured, short of breath, very slightly contaminated
A: breathe fire, AC +7, unfitting armour, fire resistance 1, cold-blooded
a: Breathe Fire, Renounce Religion


You were in a bailey.
You worshipped Vehumet.
Vehumet was noncommittal.
You visited 2 branches of the dungeon, and saw 8 of its levels.
You also visited: Bailey.

You collected 336 gold pieces.

Inventory:

Hand Weapons
 e - a +2 dagger of speed
 h - the +5 hand axe of Pyromania {vorpal, SInv}
   (You found it on level 7 of the Dungeon)

   It inflicts extra damage upon your enemies.
   SInv:      It lets you see invisible.
 m - the +6 trident of the Lair of Beasts (weapon) {elec, rF+ rN+ Will+ Str-3}
   (You took it off a goblin on level 2 of the Dungeon)

   It occasionally discharges a powerful burst of electricity upon striking a
   foe.
   Str:       It affects your strength (-3).
   rF:        It protects you from fire.
   rN:        It protects you from negative energy.
   Will:      It increases your willpower.
Armour
 f - a +0 buckler (worn)
 k - a +0 pair of gloves (worn)
 v - a +1 cloak (worn)
 y - a +0 hat of intelligence (worn)
Magical Staves
 c - a staff of conjuration
Jewellery
 a - an amulet of guardian spirit
 A - a +4 ring of protection
Wands
 n - a wand of iceblast (13)
 o - a wand of mindburst (22)
 q - a wand of flame (13)
Scrolls
 j - a scroll of noise
 l - 2 scrolls of magic mapping
 p - 2 scrolls of brand weapon {unknown}
 r - a scroll of immolation {unknown}
 t - 2 scrolls of teleportation {unknown}
 u - a scroll of blinking {unknown}
 w - 2 scrolls of amnesia {unknown}
 x - 2 scrolls of identify
Potions
 b - 2 potions of might {unknown}
 d - 5 potions of curing
 g - 2 potions of heal wounds
 i - 3 potions of attraction
 s - 2 potions of lignification {unknown}
 z - a potion of mutation {unknown}


   Skills:
 - Level 1.0 Fighting
 - Level 0.2 Staves
 - Level 0.1(0.2) Throwing
 - Level 1.7 Dodging
 - Level 1.7 Stealth
 - Level 6.0 Spellcasting
 * Level 5.9 Conjurations
 - Level 0.1 Hexes
 - Level 0.2 Translocations
 * Level 5.9 Fire Magic
 - Level 6.6 Ice Magic
 - Level 0.1 Air Magic
 - Level 0.1 Earth Magic
 - Level 0.1 Poison Magic
 - Level 0.4 Invocations


You had 5 spell levels left.
You knew the following spells:

 Your Spells              Type           Power      Damage    Failure   Level
a - Freeze                Ice            100%       1d11      1%          1
b - Frozen Ramparts       Ice            74%        1d9       2%          3
c - Ozocubu's Armour      Ice            37%        N/A       2%          3
d - Hailstorm             Conj/Ice       35%        3d9       9%          4
e - Sticky Flame          Conj/Fire      34%        2d5       10%         4

Your spell library contained the following spells:

 Spells                   Type           Power      Damage    Failure   Level
 Static Discharge         Conj/Air       20%        N/A       4%          2
 Stone Arrow              Conj/Erth      40%        3d9       10%         3
 Animate Skeleton         Necr           14%        N/A       11%         1
 Pain                     Necr           28%        1d5       11%         1
 Vampiric Draining        Necr           7%         2d6       32%         3
 Dispel Undead            Necr           7%         3d8       73%         4
 Ozocubu's Refrigeration  Ice            18%        4d8       99%         7
 Lehudib's Crystal Spear  Conj/Erth      10%        10d4      100%        8
 Animate Armour           Summ/Erth      Unusable   N/A       N/A         4

Dungeon Overview and Level Annotations

Branches:
Dungeon (7/15)             Temple (1/1) D:6          Bailey (1/1)

Altars:
Ashenzari
Dithmenos
Elyvilon
Fedhas
Gozag
Hepliaklqana
Kikubaaqudgha
Nemelex Xobeh
Ru
Sif Muna
Trog
Uskayaw
Vehumet
Wu Jian
Xom
Yredelemnul
The Shining One

Shops:
D:1 (   D:2 *   D:5 *   D:7 =

Annotations:
D:4 Dowan, Duvessa


Innate Abilities, Weirdness & Mutations

You can breathe blasts of fire.
Your fiery red scales are hard. (AC +7)
You cannot fit into any form of body armour.
Your flesh is heat resistant. (rF+)
You are cold-blooded and may be slowed by cold attacks.


Message History

Nothing appears to happen.
The wall freezes the orc knight.
The orc knight barely misses you.
Casting: Sticky Flame (dangerous; 10% risk of failure)
Confirm with . or Enter, or press ? or * to list all spells.
Aiming: Sticky Flame (dangerous; 10% risk of failure)
Press: ? - help, Shift-Dir - straight line, f/p - orc knight
Aim: an orc knight, wielding a +0 broad axe and wearing a +0 ring mail (moderately wounded, 100% to hit)
You miscast Sticky Flame.
Heat runs through your body. You resist.
The wall freezes the goblin.
You kill the goblin!
Vehumet accepts your kill.
The wall freezes the orc knight.
The orc knight hits you with a +0 broad axe!
The heat melts your icy armour.
You barely miss the orc knight.
The orc knight is heavily wounded.
The wall freezes the orc knight.
The orc knight barely misses you.
You closely miss the orc knight.
You tail-slap the orc knight, but do no damage.
The orc knight is heavily wounded.
The wall freezes the orc knight!
The orc knight hits you with a +0 broad axe!
The wall freezes the orc knight.
The orc knight hits you with a +0 broad axe!
You are too injured to fight recklessly!
You hit the orc knight but do no damage.
The orc knight is severely wounded.
The wall freezes the orc knight.
The orc knight hits you with a +0 broad axe!!
* * * LOW HITPOINT WARNING * * *
You hit the orc knight.
Lightning courses through the orc knight!
Your tail-slap misses the orc knight.
The orc knight is almost dead.
The wall freezes the orc knight.
The orc knight barely misses you.
You hit the orc knight.
The orc knight is almost dead.
The frozen ramparts melt away.
The orc knight hits you with a +0 broad axe!
You die...

##.......#
#.........
##......... ######
.....⌠....
##.....##.........
#.......#.).......
##.......##o......#
'.........@.).....#
##.........##.....##
#.....⌠.....#######
#.........##
#.........#
#.......## #.......#
##.....##
♣♣##'''##♣♣


You could see an orc knight.

Vanquished Creatures
  Pikel (D:4)
  A wyvern (D:7)
  An orc warrior (Bailey)
  A necrophage (D:7)
  3 ogres
  4 lemures (D:4)
  A phantom (D:4)
  4 centaurs
  Blork the orc (D:4)
  A gnoll sergeant (D:7)
  A centaur zombie (D:5)
  2 centaur skeletons (D:5)
  3 jellies
  A bullfrog skeleton (D:7)
  3 hounds
  A gnoll shaman (D:5)
  4 orc priests
  2 iguanas
  Natasha (twice) (D:4)
  An orc wizard (D:6)
  A scorpion zombie (D:5)
  Robin (D:3)
  6 adders
  6 gnolls
  A white imp (D:7)
  An ufetubus (D:4)
  2 worms
  4 dart slugs
  10 orcs
  5 ball pythons
  7 bats
  4 endoplasms
  6 giant cockroaches
  24 goblins
  17 hobgoblins
  2 jackals (D:4)
  5 kobolds
  A quokka (D:1)
  7 frilled lizards
  A quokka skeleton (D:4)
  7 rats
  A bush (D:6)
157 creatures vanquished.

Vanquished Creatures (others)
  A butterfly (D:3)
  36 plants
37 creatures vanquished.

Grand Total: 194 creatures vanquished

Notes
Turn   | Place    | Note
-------+----------+-------------------------------------------
     0 | D:1      | nickcage the Draconian Ice Elementalist began the quest for
                  | the Orb.
     0 | D:1      | Reached XP level 1. HP: 14/14 MP: 3/3
   251 | D:1      | Reached XP level 2. HP: 20/20 MP: 0/5
   329 | D:1      | Found Voefru's Weapon Shop.
  1126 | D:2      | Reached XP level 3. HP: 26/26 MP: 3/6
  1130 | D:2      | Learned a level 3 spell: Frozen Ramparts
  1351 | D:2      | Reached skill level 5 in Ice Magic
  1482 | D:2      | Identified the +6 trident of the Lair of Beasts {elec, rF+
                  | rN+ Will+ Str-3}
  1686 | D:2      | Found an ancient bone altar of Kikubaaqudgha.
  1931 | D:2      | Reached XP level 4. HP: 33/33 MP: 8/8
  1939 | D:2      | Found Ricouz's General Store.
  1944 | D:2      | Learned a level 3 spell: Ozocubu's Armour
  2584 | D:3      | Found a faded altar of an unknown god.
  2614 | D:3      | Found a white marble altar of Elyvilon.
  2925 | D:3      | Identified the +2 leather armour "Imeliv" {rElec rF- Will+}
  2930 | D:3      | Noticed Robin
  2935 | D:3      | Killed Robin
  2936 | D:3      | Reached XP level 5. HP: 38/38 MP: 1/9
  3464 | D:4      | Noticed Blork the orc
  3476 | D:4      | Killed Blork the orc
  3833 | D:4      | Noticed Duvessa
  3948 | D:4      | Noticed a lemure
  3948 | D:4      | Noticed a lemure
  3990 | D:4      | Noticed Natasha
  4010 | D:4      | Killed Natasha
  4011 | D:4      | Reached XP level 6. HP: 22/45 MP: 3/10
  4185 | D:4      | Noticed Natasha
  4255 | D:4      | Learned a level 4 spell: Hailstorm
  4499 | D:4      | Noticed Pikel
  4516 | D:4      | Killed Pikel
  4517 | D:4      | Your scales start taking on a fiery red colour.
  4517 | D:4      | Reached XP level 7. HP: 46/50 MP: 2/13
  4517 | D:4      | Gained mutation: Your flesh is heat resistant. (rF+) [Red
                  | Draconian growth]
  4901 | D:4      | Killed Natasha
  5030 | D:4      | Noticed Dowan
  5120 | D:4      | Found a hazy altar of Hepliaklqana.
  5207 | D:5      | Entered Level 5 of the Dungeon
  5249 | D:5      | Reached skill level 5 in Spellcasting
  5355 | D:5      | Found a shimmering blue altar of Sif Muna.
  5355 | D:5      | Found an opulent altar of Gozag.
  5362 | D:5      | Reached XP level 8. HP: 53/58 MP: 11/15
  5505 | D:5      | Learned a level 4 spell: Sticky Flame
  5555 | D:5      | Reached skill level 1 in Fighting
  5639 | D:5      | Reached skill level 1 in Fire Magic
  5706 | D:5      | Found a shadowy altar of Dithmenos.
  5992 | D:5      | Found Diteaj's Mayhem Merchandise.
  6596 | D:6      | Found a staircase to the Ecumenical Temple.
  6683 | D:6      | Reached skill level 5 in Conjurations
  6690 | Temple   | Entered the Ecumenical Temple
  6782 | Temple   | Became a worshipper of Vehumet
  6853 | D:6      | Found an ornate altar of the Wu Jian Council.
  7152 | D:7      | Reached skill level 5 in Fire Magic
  7152 | D:7      | Reached XP level 9. HP: 59/64 MP: 8/18
  7152 | D:7      | Identified a scroll of acquirement
  7152 | D:7      | Acquired a staff of conjuration
  7174 | D:7      | Found Poitinaq's Jewellery Emporium.
  7241 | D:7      | Found a flagged portal.
  7249 | D:7      | Identified the +5 hand axe of Pyromania {vorpal, SInv}
  7250 | D:7      | Identified the +4 hand axe of Eternal Night {vamp, rC+}
  7293 | Bailey   | Entered a bailey
  7538 | Bailey   | Noticed an orc knight
  7551 | Bailey   | HP: 2/64 [orc knight/+0 broad axe (18)]
  7553 | Bailey   | Mangled by an orc knight

Illustrated notes

Levels and vault maps discovered:
D:1:      tarquinn_simple_flora_water_e, layout_basic, serial_shops,
          nicolae_shop_trees, hangedman_decor_points, minivault_19, st_stairs_9,
          hangedman_decor_clover_reticule
D:2:      minmay_inner_zag, layout_basic, serial_shops,
          nicolae_shop_behind_doors, basic_altar, minmay_split_cup_large
D:3:      layout_basic, nicolae_elyvilon_peaceful_grove,
          hellmonk_ecumenical_altar_pennies_from_heaven, uniq_robin
D:4:      layout_layer_cave, worldfamousw_hep_ancestral_shrine, serial_forest,
          infiniplex_forest_clump_curved, infiniplex_forest_end_3,
          infiniplex_forest_corner_2, infiniplex_forest_clump_curved,
          infiniplex_forest_clump_small, uniq_blork_the_orc, uniq_duvessa,
          uniq_pikel, uniq_natasha
D:5:      layout_loops_ring, mainiacjoe_overflow_boulevard,
          jmf_multi_god_temple, minmay_shop_mayhem,
          chequers_serial_rivers_room_b, kennysheep_generic_room_15
D:6:      layout_gridville, pdpol_wu_jian_five_deadly_venoms, temple_fountains,
          kb_lookout_dungeons_type
D:7:      nzn_winding_woodlands_cross [nzn_winding_woodlands_5x15_pool,
          nzn_winding_woodlands_5x15_crooked,
          nzn_winding_woodlands_5x15_sidewinder,
          nzn_winding_woodlands_5x15_default,
          nzn_winding_woodlands_15x15_five_gardens], layout_loops_corners,
          kennysheep_okawaru_gauntlet, enter_bailey_2, serial_shops,
          nicolae_take_the_stairs, uniq_crazy_yiuf_cottage, uniq_harold
Temple:   zaba_magenta_temple
Bailey:   bailey_axe_minmay_hex_keep, bailey

Skill      XL: |  1  2  3  4  5  6  7  8 |
---------------+-------------------------+-----
Ice Magic      | 5 6 6 |  6.6
Spellcasting   | 3 4 5 6 |  6.0
Conjurations   | 2 5 |  5.9
Fighting       | 1 |  1.0
Fire Magic     | 5 |  5.9
Staves         | |  0.2
Throwing       | |  0.1
Dodging        | |  1.7
Stealth        | |  1.7
Hexes          | |  0.1
Translocations | |  0.2
Air Magic      | |  0.1
Earth Magic    | |  0.1
Poison Magic   | |  0.1
Invocations    | |  0.4

Action                   |  1- 3 |  4- 6 |  7- 9 || total
-------------------------+-------+-------+-------++-------
Melee: Dagger            |    26 |       |       ||    26
       Short sword       |     2 |       |       ||     2
       Tailslap          |     2 |     3 |    15 ||    20
       Trident           |    10 |    75 |   125 ||   210
 Cast: Freeze            |    40 |    28 |    26 ||    94
       Frozen Ramparts   |       |     8 |    15 ||    23
       Ozocubu's Armour  |       |     5 |    14 ||    19
       Sticky Flame      |       |       |     1 ||     1
       Hailstorm         |       |       |     1 ||     1
 Abil: Breathe Fire      |       |       |     1 ||     1
  Use: Scroll            |       |     4 |     4 ||     8
 Stab: Sleeping          |     8 |     7 |     6 ||    21
Armor: Skin              |    24 |    23 |    61 ||   108
Dodge: Dodged            |    27 |    38 |    65 ||   130
Block: Buckler           |     5 |     6 |    16 ||    27
